 Dungeon Crawl Stone Soup version 0.30.1-11-g7821555f0a (webtiles) character file.

Game seed: 14364641507200035759

37625 KyoPewz the Protected (level 13, -22/151 HPs)
             Began as a Gnoll Wanderer on Jan 6, 2024.
             Was an Initiate of Gozag.
             Annihilated by a frost giant
             ... wielding a +0 bardiche of freezing
              (25 damage)
             ... in an ice cave on Jan 7, 2024.
             The game lasted 00:50:49 (15795 turns).

KyoPewz the Protected (Gnoll Wanderer)             Turns: 15795, Time: 00:50:50

Health: -22/151    AC: 25    Str: 22    XL:     13   Next: 97%
Magic:  28/28      EV: 12    Int: 17    God:    Gozag
Gold:   1840       SH:  6    Dex: 10    Spells: 26/35 levels left

rFire   x . .        x - +2 long sword (vamp)
rCold   + + .        Q - +0 buckler
rNeg    . . .        u - +0 ice dragon scales
rPois   +            O - +2 helmet {Int+3}
rElec   .            v - +2 cloak {rPois}
rCorr   .            (no gloves)
SInv    .            c - +0 pair of boots
Will    .....        (no amulet) Stlth
                     A - +4 ring of slaying
HPRegen 0.45/turn    G - +6 ring of strength
MPRegen 0.21/turn

%: no passive effects
@: berserking, very quick
A: fangs 2, strong nose, distributed training, iridescent scales 1
a: Renounce Religion, Potion Petition, Call Merchant, Bribe Branch


You were in an ice cave.
You worshipped Gozag.
Gozag was most pleased with you.
You visited 3 branches of the dungeon, and saw 16 of its levels.
You also visited: Ossuary and Ice Cave.

You collected 4474 gold pieces.
You spent 2028 gold pieces at shops.
You paid 606 gold pieces to Gozag.

Inventory:

Hand Weapons
 p - a +2 heavy mace
 x - a +2 vampiric long sword (weapon)
 U - a +2 broad axe of freezing
Missiles
 a - 31 poisoned darts
 J - 4 boomerangs
 M - 3 javelins
 V - 16 silver boomerangs
Armour
 c - a +0 pair of boots (worn)
 f - a +0 scale mail of cold resistance
 u - +0 ice dragon scales (worn)
 v - a +2 cloak of poison resistance (worn)
 C - the +4 scale mail "Qobib" {rElec rF+++ Regen+ Dex-2}
   (You bought it in a shop on level 4 of the Dungeon)

   Dex:       It affects your dexterity (-2).
   rF:        It renders you almost immune to fire.
   rElec:     It insulates you from electricity.
   Regen:     It increases your rate of health regeneration.
 O - a +2 helmet of intelligence (worn)
 P - a +1 cloak of willpower
 Q - a +0 buckler (worn)
 Y - the scarf of Tuikhuto {shadows, rPois Will- Int+5}
   (You bought it in a shop on level 11 of the Dungeon)

   Int:       It affects your intelligence (+5).
   rPois:     It protects you from poison.
   Will:      It decreases your willpower.
Magical Staves
 K - a staff of air
Jewellery
 A - a +4 ring of slaying (left hand)
 F - a ring of protection from fire
 G - a +6 ring of strength (right hand)
 L - a ring of fire
Wands
 b - a wand of flame (7)
 k - a wand of mindburst (11)
 D - a wand of digging (5)
 H - a wand of acid (13)
 I - a wand of iceblast (37)
 S - a wand of paralysis (20)
 X - a wand of polymorph (6)
Scrolls
 e - 2 scrolls of fog
 g - 2 scrolls of fear
 j - a scroll of acquirement
 o - 6 scrolls of poison
 r - 3 scrolls of identify
 s - 5 scrolls of vulnerability
 t - 8 scrolls of teleportation
 y - 2 scrolls of enchant armour
 z - 6 scrolls of immolation
 B - 2 scrolls of blinking
 E - 3 scrolls of amnesia
 N - 6 scrolls of enchant weapon
Potions
 d - 5 potions of might
 h - 3 potions of haste
 i - 2 potions of ambrosia
 l - 2 potions of heal wounds
 m - a potion of cancellation
 n - 2 potions of mutation
 q - 2 potions of curing
 w - 6 potions of attraction
 R - a potion of berserk rage
 T - 3 potions of lignification
 W - 2 potions of invisibility
 Z - 3 potions of flight


   Skills:
 + Level 9.5 Fighting
 + Level 9.1 Short Blades
 + Level 9.1 Long Blades
 + Level 9.1 Axes
 + Level 9.1 Maces & Flails
 + Level 9.1 Polearms
 + Level 9.1 Staves
 + Level 9.1 Ranged Weapons
 + Level 9.1 Throwing
 + Level 13.6 Armour
 + Level 9.1 Dodging
 + Level 9.1 Stealth
 + Level 9.1 Shields
 + Level 9.1 Unarmed Combat
 + Level 11.5 Spellcasting
 + Level 7.5 Conjurations
 + Level 7.5 Hexes
 + Level 7.5 Summonings
 + Level 7.5 Necromancy
 + Level 7.5 Translocations
 + Level 7.5 Transmutations
 + Level 7.5 Fire Magic
 + Level 7.5 Ice Magic
 + Level 7.5 Air Magic
 + Level 7.5 Earth Magic
 + Level 7.5 Poison Magic
 + Level 9.9 Invocations
 + Level 9.5 Evocations


You had 26 spell levels left.
You knew the following spells:

 Your Spells              Type           Power      Damage    Failure   Level
a - Sandblast             Erth           70%        2d15      1%          1
b - Lesser Beckoning      Tloc           70%        N/A       1%          2
c - Confusing Touch       Hex            35%        N/A       2%          3
x - Stone Arrow           Conj/Erth      70%        3d11      2%          3

Your spell library contained the following spells:

 Spells                   Type           Power      Damage    Failure   Level
 Freeze                   Ice            100%       1d10      1%          1
 Kiss of Death            Conj/Necr      100%       2d13      1%          1
 Magic Dart               Conj           100%       1d8       1%          1
 Cigotuvi's Dreadful Rot  Necr/Pois/Air  70%        N/A       1%          2
 Searing Ray              Conj           70%        2d7       1%          2
 Sublimation of Blood     Necr           35%        N/A       1%          2
 Wereblood                Tmut           35%        N/A       1%          2
 Call Canine Familiar     Summ           35%        N/A       2%          3
 Frozen Ramparts          Ice            70%        1d11      2%          3
 Gell's Gravitas          Tloc           35%        N/A       2%          3
 Hailstorm                Conj/Ice       35%        3d9       2%          3
 Ignite Poison            Fire/Tmut/Pois 35%        N/A       2%          3
 Inner Flame              Hex/Fire       35%        N/A       2%          3
 Ozocubu's Armour         Ice            35%        N/A       2%          3
 Portal Projectile        Hex/Tloc       70%        N/A       2%          3
 Teleport Other           Tloc           35%        N/A       2%          3
 Dispel Undead            Necr           35%        3d15      9%          4
 Fulminant Prism          Conj/Hex       17%        3d10      9%          4
 Ice Form                 Ice/Tmut       35%        N/A       9%          4
 Leda's Liquefaction      Hex/Erth       17%        N/A       9%          4
 Freezing Cloud           Conj/Ice/Air   17%        6-21      26%         5
 Metabolic Englaciation   Hex/Ice        17%        N/A       26%         5
 Yara's Violent Unravell  Hex/Tmut       17%        3d8       26%         5
 Enfeeble                 Hex            17%        N/A       100%        7
 Summon Hydra             Summ           17%        N/A       100%        7
 Simulacrum               Ice/Necr       Unusable   N/A       N/A         6

Dungeon Overview and Level Annotations

Branches:
Dungeon (11/15)            Temple (1/1) D:4            Lair (4/5) D:11
 Shoals (0/4) Lair:2        Snake (0/4) Lair:3          Orc (0/2) D:10
Ossuary (visited)           IceCv (1/1)
  Slime: Lair:4-5

Altars:
Ashenzari
Cheibriados
Dithmenos
Elyvilon
Fedhas
Gozag
Hepliaklqana
Kikubaaqudgha
Makhleb
Nemelex Xobeh
Okawaru
Qazlal
Ru
Sif Muna
Trog
Uskayaw
Vehumet
Wu Jian
Xom
Yredelemnul
Zin
The Shining One

Shops:
D:4 [   D:6 !   D:11 [!

Portals:
Trove: D:11 (give +6 demon whip)


Innate Abilities, Weirdness & Mutations

You have extremely sharp teeth.
Your uncanny sense of smell can sniff out nearby items.
Your experience applies equally to all skills.
You are partially covered in iridescent scales. (AC +2)


Message History

The bolt of cold hits you! You resist.
You take 9 damage, and have 43/101 hp.
You hit the frost giant.
You feel better.
The frost giant is lightly wounded.
The frost giant hits you with a +0 bardiche of freezing!
* * * LOW HITPOINT WARNING * * *
The frost giant freezes you.
* * * LOW HITPOINT WARNING * * *
You take 16 damage, and have 27/101 hp.
You feel much better.
The frost giant points at you and mumbles some strange words.
The bolt of cold hits you! You resist.
You regained 25 hp, and now have 52/101 hp.
A red film seems to cover your vision as you go berserk!
You feel yourself moving faster!
You feel mighty!
The frost giant hits you with a +0 bardiche of freezing!!
The frost giant freezes you.
* * * LOW HITPOINT WARNING * * *
You now have 45/151 hp.
You hit the frost giant but do no damage.
The frost giant is lightly wounded.
The frost giant hits you with a +0 bardiche of freezing!!
* * * LOW HITPOINT WARNING * * *
The frost giant freezes you.
* * * LOW HITPOINT WARNING * * *
You take 20 damage, and have 25/151 hp.
You slash the frost giant!
You feel better.
The frost giant is moderately wounded.
The frost giant hits you with a +0 bardiche of freezing!!
* * * LOW HITPOINT WARNING * * *
The frost giant freezes you.
* * * LOW HITPOINT WARNING * * *
You take 22 damage, and have 3/151 hp.
You barely miss the frost giant.
The frost giant is moderately wounded.
You barely miss the frost giant. You bite the frost giant!
The frost giant is moderately wounded.
The frost giant hits you with a +0 bardiche of freezing!!
You die...
Your body crumbles into a pile of gold.

#.#.# $$$ ....# # ....# $$ ......
### §☼§○.. ...... ..### #§☼§§.#
#.....# #...##§§.§... ##....#
###...§# ##...# #..### ##..#
###.#########.C##
######..##≈≈≈###@####
..##...##≈≈≈≈≈≈#....### ###
..###..#≈≈≈≈≈≈≈≈#.##..#####.###
.##..###≈≈≈≈≈≈≈≈≈..#.#..##.#..###
...### #≈≈≈≈≈≈≈##.######..####..#
#### #≈≈≈≈≈≈≈### ####### #..## #
### ##~~≈≈≈≈≈####...### ##...
###.#####~~~######....#...###).⌠.
....#.##~~##..##.....####..###...


You could see a frost giant.

Vanquished Creatures
  Nessos (Lair:3)
  A hydra (Lair:3)
  A boulder beetle (Lair:2)
  3 two-headed ogres
  6 death yaks (IceCv)
  A skyshark (Lair:4)
  Pikel (D:4)
  A manticore (D:11)
  A salamander (Lair:3)
  2 cyclopes
  2 merfolk sirens (Lair:2)
  Maurice (D:9)
  Maggie (D:9)
  A torpor snail (Lair:3)
  An ice statue (IceCv)
  3 black mambas
  2 cane toads
  2 rime drakes
  2 ice devils (Lair:4)
  6 komodo dragons
  2 trolls (D:10)
  2 merfolk (Lair:2)
  11 polar bears
  Prince Ribbit (D:5)
  A hornet (D:8)
  Grinder (D:3)
  5 dream sheep (Lair:4)
  5 blink frogs (Lair:3)
  A wraith (D:11)
  52 yaks
  3 wyverns
  4 basilisks
  Menkaure (D:4)
  A steam dragon (D:10)
  An acid dragon (D:11)
  11 water moccasins
  3 orc warriors
  3 ice beasts
  A black bear (D:4)
  2 ogres
  4 centaurs
  22 wolves
  A phantom (D:5)
  4 kobold brigands
  9 bullfrogs
  A gnoll sergeant (D:8)
  4 scorpions
  5 wights (D:8)
  17 killer bees
  6 howler monkeys
  4 lava snakes (Lair:3)
  Crazy Yiuf (D:7)
  5 hounds
  3 jellies
  10 orc priests
  4 iguanas
  A sleepcap (D:4)
  6 orc wizards
  Natasha (D:3)
  A mummy (Ossuary)
  9 gnolls
  8 adders
  2 shadow imps (D:5)
  4 white imps
  4 ufetubi
  3 worms
  A dart slug (D:1)
  28 orcs
  6 spectral bats (Ossuary)
  9 ball pythons
  5 endoplasms
  A giant cockroach (D:4)
  12 gnoll zombies (Ossuary)
  4 hobgoblins
  6 jackals
  8 quokkas
  4 bats
  2 bat simulacra (Ossuary)
  A frilled lizard (D:1)
  10 goblins
  2 goblin simulacra (Ossuary)
  5 goblin zombies (Ossuary)
  3 hobgoblin zombies (Ossuary)
  21 kobolds
  5 kobold simulacra (Ossuary)
  7 kobold zombies (Ossuary)
  3 orc zombies (Ossuary)
  5 rats
  5 rat simulacra (Ossuary)
  4 spectral goblins (Ossuary)
  A spectral kobold (Ossuary)
  4 spectral rats (Ossuary)
451 creatures vanquished.

Notes
Turn   | Place    | Note
-------+----------+-------------------------------------------
     0 | D:1      | Reached skill level 10 in Armour
     0 | D:1      | KyoPewz the Gnoll Wanderer began the quest for the Orb.
     0 | D:1      | KyoPewz set off with the following items: a +0 club, a wand
                  | of flame (5), a +2 scale mail, a potion of might; and the
                  | following spell memorised: Sandblast; and the following
                  | spells available to memorise: Stone Arrow.
     0 | D:1      | Reached XP level 1. HP: 17/17 MP: 8/8
   183 | D:1      | Reached XP level 2. HP: 23/23 MP: 10/10
   539 | D:1      | Reached XP level 3. HP: 26/28 MP: 11/11
   693 | D:1      | Reached skill level 1 in Invocations
   954 | D:2      | Reached skill level 1 in Short Blades
   954 | D:2      | Reached skill level 1 in Long Blades
   954 | D:2      | Reached skill level 1 in Axes
   954 | D:2      | Reached skill level 1 in Maces & Flails
   954 | D:2      | Reached skill level 1 in Polearms
   954 | D:2      | Reached skill level 1 in Staves
   954 | D:2      | Reached skill level 1 in Ranged Weapons
   954 | D:2      | Reached skill level 1 in Throwing
   954 | D:2      | Reached skill level 1 in Dodging
   954 | D:2      | Reached skill level 1 in Stealth
   954 | D:2      | Reached skill level 1 in Shields
   954 | D:2      | Reached skill level 1 in Unarmed Combat
  1029 | D:2      | Reached XP level 4. HP: 34/34 MP: 13/13
  1353 | D:3      | Found a faded altar of an unknown god.
  1478 | D:2      | Reached skill level 1 in Conjurations
  1478 | D:2      | Reached skill level 1 in Hexes
  1478 | D:2      | Reached skill level 1 in Summonings
  1478 | D:2      | Reached skill level 1 in Necromancy
  1478 | D:2      | Reached skill level 1 in Translocations
  1478 | D:2      | Reached skill level 1 in Transmutations
  1478 | D:2      | Reached skill level 1 in Fire Magic
  1478 | D:2      | Reached skill level 1 in Ice Magic
  1478 | D:2      | Reached skill level 1 in Air Magic
  1478 | D:2      | Reached skill level 1 in Earth Magic
  1478 | D:2      | Reached skill level 1 in Poison Magic
  1945 | D:3      | Noticed Natasha
  1990 | D:3      | Killed Natasha
  1991 | D:3      | Reached XP level 5. HP: 11/40 MP: 14/14
  2411 | D:3      | Found a shimmering blue altar of Sif Muna.
  2418 | D:3      | Found an iron altar of Okawaru.
  2426 | D:3      | Found a hide-covered altar of Uskayaw.
  2433 | D:3      | Found an ancient bone altar of Kikubaaqudgha.
  2439 | D:3      | Found a snail-covered altar of Cheibriados.
  2447 | D:3      | Found an ornate altar of the Wu Jian Council.
  2452 | D:3      | Found a white marble altar of Elyvilon.
  2723 | D:3      | Noticed Grinder
  2742 | D:3      | Paralysed by Grinder for 2 turns
  2747 | D:3      | Killed Grinder
  2748 | D:3      | Reached XP level 6. HP: 24/47 MP: 16/16
  2935 | D:3      | You fall into a shaft and drop 1 floor!
  2935 | D:4      | Found a staircase to the Ecumenical Temple.
  2939 | Temple   | Entered the Ecumenical Temple
  3094 | Temple   | Became a worshipper of Gozag Ym Sagoz the Greedy
  3136 | D:4      | Noticed a black bear
  3154 | D:4      | Killed a black bear
  3223 | D:4      | Reached XP level 7. HP: 52/52 MP: 18/18
  3390 | D:4      | Noticed Menkaure
  3696 | D:4      | Found Duinliff's Antique Armour Emporium.
  3704 | D:4      | Bought a slimy scale mail for 225 gold pieces
  3704 | D:4      | Identified the +4 scale mail "Qobib" {rElec rF+++ Regen+
                  | Dex-2} (You bought it in a shop on level 4 of the Dungeon)
  3750 | D:4      | Killed Menkaure
  3898 | D:5      | Entered Level 5 of the Dungeon
  3975 | D:5      | Reached XP level 8. HP: 60/60 MP: 19/19
  4086 | D:5      | Noticed Prince Ribbit
  4088 | D:5      | Noticed Pikel
  4117 | D:4      | Killed Pikel
  4118 | D:4      | Reached skill level 11 in Armour
  4153 | D:5      | Killed Prince Ribbit
  4245 | D:5      | Reached XP level 9. HP: 66/67 MP: 21/21
  4634 | D:5      | Reached skill level 5 in Fighting
  4634 | D:5      | Reached skill level 5 in Evocations
  4847 | D:6      | Found Adiaco's Distillery.
  4867 | D:6      | Bought a potion of attraction for 33 gold pieces
  4867 | D:6      | Bought a potion of berserk rage for 55 gold pieces
  4950 | D:6      | Reached skill level 5 in Invocations
  5069 | D:6      | Found a radiant altar of Vehumet.
  5516 | D:4      | Bought a runed helmet for 187 gold pieces
  5516 | D:4      | Bought a runed cloak for 187 gold pieces
  5825 | D:7      | Reached skill level 5 in Short Blades
  5825 | D:7      | Reached skill level 5 in Long Blades
  5825 | D:7      | Reached skill level 5 in Axes
  5825 | D:7      | Reached skill level 5 in Maces & Flails
  5825 | D:7      | Reached skill level 5 in Polearms
  5825 | D:7      | Reached skill level 5 in Staves
  5825 | D:7      | Reached skill level 5 in Ranged Weapons
  5825 | D:7      | Reached skill level 5 in Throwing
  5825 | D:7      | Reached skill level 5 in Dodging
  5825 | D:7      | Reached skill level 5 in Stealth
  5825 | D:7      | Reached skill level 5 in Shields
  5825 | D:7      | Reached skill level 5 in Unarmed Combat
  5825 | D:7      | Reached XP level 10. HP: 72/76 MP: 22/22
  6242 | D:7      | Found a runed translucent door.
  6243 | D:7      | Noticed Crazy Yiuf
  6304 | D:7      | Killed Crazy Yiuf
  6463 | D:8      | Noticed a two-headed ogre
  6477 | D:8      | Killed a two-headed ogre
  6732 | D:8      | Found a sand-covered staircase.
  6755 | Ossuary  | Entered an ossuary
  7319 | D:8      | Gained mutation: You are partially covered in iridescent
                  | scales. (AC +2) [potion of mutation]
  7319 | D:8      | Gained mutation: You have extremely sharp teeth. [potion of
                  | mutation]
  8487 | D:4      | Bought a pair of boots for 112 gold pieces
  8570 | D:6      | Bought a potion of cancellation for 88 gold pieces
  8570 | D:6      | Bought 2 potions of heal wounds for 110 gold pieces
  8950 | D:9      | Noticed Maurice
  8976 | D:9      | Killed Maurice
  8977 | D:9      | Reached skill level 12 in Armour
  8977 | D:9      | Reached skill level 5 in Conjurations
  8977 | D:9      | Reached skill level 5 in Hexes
  8977 | D:9      | Reached skill level 5 in Summonings
  8977 | D:9      | Reached skill level 5 in Necromancy
  8977 | D:9      | Reached skill level 5 in Translocations
  8977 | D:9      | Reached skill level 5 in Transmutations
  8977 | D:9      | Reached skill level 5 in Fire Magic
  8977 | D:9      | Reached skill level 5 in Ice Magic
  8977 | D:9      | Reached skill level 5 in Air Magic
  8977 | D:9      | Reached skill level 5 in Earth Magic
  8977 | D:9      | Reached skill level 5 in Poison Magic
  9078 | D:9      | Noticed Maggie
  9104 | D:9      | Killed Maggie
  9105 | D:9      | Reached XP level 11. HP: 68/83 MP: 24/24
  9272 | D:9      | Found a bloodstained altar of Trog.
  9272 | D:9      | Found a hazy altar of Hepliaklqana.
  9311 | D:10     | Entered Level 10 of the Dungeon
  9317 | D:10     | Noticed a cyclops
  9338 | D:10     | Killed a cyclops
  9530 | D:10     | Noticed a two-headed ogre
  9539 | D:10     | Killed a two-headed ogre
  9748 | D:10     | Learned a level 2 spell: Lesser Beckoning
  9752 | D:10     | Learned a level 3 spell: Confusing Touch
  9756 | D:10     | Learned a level 3 spell: Stone Arrow
  9807 | D:10     | Found a staircase to the Orcish Mines.
 10122 | D:11     | Found Aviacow's Antique Armour Boutique.
 10134 | D:11     | Bought a spiked scale mail for 306 gold pieces
 10134 | D:11     | Identified the +1 scale mail of the Exceptional God {Int+8
                  | Dex+2} (You bought it in a shop on level 11 of the Dungeon)
 10134 | D:11     | Bought a slimy scarf for 340 gold pieces
 10134 | D:11     | Identified the scarf of Tuikhuto {shadows, rPois Will-
                  | Int+5} (You bought it in a shop on level 11 of the Dungeon)
 10138 | D:11     | Bought a glowing cloak for 255 gold pieces
 10271 | D:11     | Noticed a manticore
 10278 | D:11     | Killed a manticore
 10336 | D:11     | Found a portal to a secret trove of treasure.
 10351 | D:11     | Noticed a two-headed ogre
 10360 | D:11     | Killed a two-headed ogre
 10361 | D:11     | Reached skill level 10 in Spellcasting
 10425 | D:11     | Found Noesec's Distillery.
 10430 | D:11     | Bought a potion of degeneration for 13 gold pieces
 10430 | D:11     | Bought a potion of lignification for 39 gold pieces
 10430 | D:11     | Bought a potion of curing for 39 gold pieces
 10430 | D:11     | Bought a potion of flight for 39 gold pieces
 10502 | D:11     | Identified a scroll of acquirement
 10567 | D:11     | Noticed a cyclops
 10572 | D:11     | Killed a cyclops
 10579 | D:11     | Found a staircase to the Lair.
 11025 | Lair:1   | Entered Level 1 of the Lair of Beasts
 11133 | Lair:1   | You fall into a shaft and drop 1 floor!
 11160 | Lair:2   | Reached XP level 12. HP: 91/91 MP: 26/26
 11168 | Lair:2   | Got Ilieroa's Volume of Combined Rime
 12106 | Lair:2   | Found a staircase to the Shoals.
 12214 | Lair:2   | Noticed a boulder beetle
 12239 | Lair:2   | Killed a boulder beetle
 12648 | Lair:3   | Noticed a five-headed hydra
 12654 | Lair:3   | Killed a five-headed hydra
 12810 | Lair:3   | Reached skill level 13 in Armour
 12836 | Lair:3   | Noticed Nessos
 12853 | Lair:3   | Killed Nessos
 12913 | Lair:3   | Reached XP level 13. HP: 90/99 MP: 27/27
 13313 | Lair:3   | Found a staircase to the Snake Pit.
 13958 | Lair:4   | Found a frozen archway.
 14139 | IceCv    | Entered an ice cave
 15784 | IceCv    | Noticed a frost giant
 15793 | IceCv    | HP: 5/151 [frost giant/+0 bardiche of freezing (22)]
 15795 | IceCv    | Annihilated by a frost giant

Illustrated notes

Levels and vault maps discovered:
D:1:      dpeg_arrival_radiant, layout_loops_cross, kennysheep_small_spiral
D:2:      minmay_chambers_of_ones, layout_basic
D:3:      layout_loops_corners, grunt_temple_overflow_octagram,
          ebering_ecumenical_altar_box, uniq_grinder, uniq_natasha
D:4:      layout_cave_pools, minmay_temple_entry_hall, serial_shops, shop,
          uniq_menkaure
D:5:      minmay_diamond_boxcup, layout_rooms, serial_demonic, serial_demonic_d,
          serial_demonic_f, serial_demonic_e, serial_demonic_d,
          minmay_misc_feat_diagonals, uniq_pikel, uniq_prince_ribbit1
D:6:      layout_basic, vehumet_altar_wand_db, kennysheep_small_circle
D:7:      layout_loops_ring, uniq_crazy_yiuf_cottage
D:8:      layout_loops_corners, nicolae_ossuary_entry_ruins
D:9:      layout_roguey, gammafunk_temple_overflow_wave,
          minmay_unpleasant_kobolds, uniq_maggie, uniq_maurice
D:10:     layout_basic, minmay_orc_entry_temple_small, chequers_avenue
D:11:     layout_loops_corners, lair_entry_dummy, enter_trove_3, serial_shops,
          nicolae_shop_crystal, nicolae_shop_statue_plus
Temple:   hellmonk_temple_forest_ring
Lair:1:   layout_roguey, cheibrodos_lair_lostbears
Lair:2:   layout_cave_shapes, elwin_shoals_entry_stream, grunt_megastairs_5
Lair:3:   layout_concentric_octagons, nicolae_snake_entry_warm_welcome,
          uniq_nessos
Lair:4:   layout_hall_layers, portal_ice_cave_demonic_guard,
          infiniplex_staircase_pool
IceCv:    ice_cave_caverns_02

Skill      XL: |  1  2  3  4  5  6  7  8  9 10 11 12 13 |
---------------+----------------------------------------+-----
Armour         | 11 12 13 | 13.6
Invocations    | 1 2 3 4 5 6 7 8 9 |  9.9
Short Blades   | 1 2 3 4 5 6 7 8 9 |  9.1
Long Blades    | 1 2 3 4 5 6 7 8 9 |  9.1
Axes           | 1 2 3 4 5 6 7 8 9 |  9.1
Maces & Flails | 1 2 3 4 5 6 7 8 9 |  9.1
Polearms       | 1 2 3 4 5 6 7 8 9 |  9.1
Staves         | 1 2 3 4 5 6 7 8 9 |  9.1
Ranged Weapons | 1 2 3 4 5 6 7 8 9 |  9.1
Throwing       | 1 2 3 4 5 6 7 8 9 |  9.1
Dodging        | 1 2 3 4 5 6 7 8 9 |  9.1
Stealth        | 1 2 3 4 5 6 7 8 9 |  9.1
Shields        | 1 2 3 4 5 6 7 8 9 |  9.1
Unarmed Combat | 1 2 3 4 5 6 7 8 9 |  9.1
Conjurations   | 1 2 3 4 5 6 7 |  7.5
Hexes          | 1 2 3 4 5 6 7 |  7.5
Summonings     | 1 2 3 4 5 6 7 |  7.5
Necromancy     | 1 2 3 4 5 6 7 |  7.5
Translocations | 1 2 3 4 5 6 7 |  7.5
Transmutations | 1 2 3 4 5 6 7 |  7.5
Fire Magic     | 1 2 3 4 5 6 7 |  7.5
Ice Magic      | 1 2 3 4 5 6 7 |  7.5
Air Magic      | 1 2 3 4 5 6 7 |  7.5
Earth Magic    | 1 2 3 4 5 6 7 |  7.5
Poison Magic   | 1 2 3 4 5 6 7 |  7.5
Fighting       | 3 4 5 6 7 8 9 |  9.5
Evocations     | 3 4 5 6 7 8 9 |  9.5
Spellcasting   | 8 9 10 11 | 11.5

Action                     |  1- 3 |  4- 6 |  7- 9 | 10-12 | 13-15 || total
---------------------------+-------+-------+-------+-------+-------++-------
  Melee: Club              |    28 |       |       |       |       ||    28
         Bite              |     4 |     4 |    37 |    98 |    61 ||   204
         Punch             |     1 |       |    17 |    15 |       ||    33
         Short sword       |       |    67 |   426 |   475 |       ||   968
         Broad axe         |       |       |       |   367 |   288 ||   655
         Long sword        |       |       |       |       |   161 ||   161
   Fire: Sling             |   122 |    97 |       |       |       ||   219
   Cast: Stone Arrow       |       |       |       |     8 |     7 ||    15
         Lesser Beckoning  |       |       |       |     1 |       ||     1
 Invoke: Potion Petition   |       |       |       |       |     1 ||     1
  Evoke: Wand              |       |     1 |       |       |       ||     1
    Use: Potion            |       |       |       |     4 |     3 ||     7
         Scroll            |       |       |       |    14 |       ||    14
   Stab: Distracted        |       |       |     3 |     7 |     2 ||    12
         Sleeping          |       |       |       |     5 |     1 ||     6
 Armour: Scale mail        |    89 |    98 |   193 |   486 |   231 ||  1097
         Ice dragon scales |       |       |       |       |    10 ||    10
  Dodge: Dodged            |    70 |    84 |   223 |   413 |   258 ||  1048
  Block: Buckler           |       |       |       |   115 |   105 ||   220
